 Dungeon Crawl Stone Soup version 0.31.0-32-g396128a36d (webtiles) character file.

Game seed: 8375127146755505612

6131 MollyMolluskus the Grappler (level 10, -7/109 HPs)
             Began as an Octopode Fighter on Apr 2, 2024.
             Was a Believer of Wu Jian.
             Mangled by a vampire mosquito (9 damage)
             ... on level 9 of the Dungeon.
             The game lasted 00:27:39 (9456 turns).

MollyMolluskus the Grappler (Octopode Fighter)      Turns: 9456, Time: 00:27:40

Health: -7/109     AC: 25    Str: 20    XL:     10   Next: 89%
Magic:  10/10      EV:  2    Int: 10    God:    Wu Jian [**....]
Gold:   346        SH:  5    Dex: 12    Spells: 9/9 levels left

rFire   . .          .
                       - Unarmed
rCold   . . .        a - +0 buckler
rNeg    . . .        (helmet currently unavailable)
rPois   +            (no amulet)
rElec   .            r - +5 ring of evasion
rCorr   .            (no ring)
SInv    .            (no ring)
Will    +....        (no ring)
Stlth   ++           (no ring)
HPRegen 0.38/turn    (no ring)
MPRegen 0.12/turn    (no ring)
                     (no ring)

%: no passive effects
@: tree-form, marked
A: stationary, stasis, torment immunity, boosted hp, almost no armour,
(amphibious), 8 rings, (camouflage 1), (gelatinous body 1), (nimble swimmer 1),
(tentacles), (iridescent scales 1), strong-willed 1
a: Renounce Religion, Wall Jump


You were on level 9 of the Dungeon.
You worshipped Wu Jian.
Wu Jian was pleased with you.
You were a tree.
You visited 2 branches of the dungeon, and saw 10 of its levels.

You collected 538 gold pieces.
You spent 192 gold pieces at shops.

Inventory:

Hand Weapons
 e - a +4 dagger
Missiles
 k - 3 boomerangs
 n - 4 poisoned darts (quivered)
 o - 2 curare-tipped darts
Armour
 a - a +0 buckler (worn)
Jewellery
 r - a +5 ring of evasion (left branch)
 u - a ring of ice
Wands
 b - a wand of flame (38)
 c - a wand of polymorph (10)
Scrolls
 d - a scroll of fog
 f - 2 scrolls of fear
 h - a scroll of poison
 i - a scroll of immolation
Potions
 g - a potion of enlightenment
 j - 2 potions of invisibility
 l - 3 potions of haste
 m - 2 potions of lignification
 p - a potion of might
 v - a potion of resistance {unknown}


   Skills:
 + Level 8.6 Fighting
 - Level 8.0 Dodging
 - Level 4.0 Stealth
 - Level 4.0 Shields
 * Level 11.4 Unarmed Combat


You had 9 spell levels left.
You didn't know any spells.
Your spell library contained the following spells:

 Spells                   Type           Power      Damage    Failure   Level
 Apportation              Tloc           0%         N/A       43%         1
 Necrotise                Necr           0%         1d4       43%         1
 Sting                    Conj/Alch      0%         1d3       43%         1
 Summon Small Mammal      Summ           0%         N/A       43%         1
 Mercury Vapours          Alch/Air       0%         N/A       56%         2
 Searing Ray              Conj           0%         2d4       56%         2
 Gell's Gravitas          Tloc           0%         N/A       80%         3
 Teleport Other           Tloc           0%         N/A       80%         3
 Volatile Blastmotes      Fire/Tloc      0%         2d10      80%         3
 Iskenderun's Mystic Bla  Conj/Tloc      0%         2d3       99%         4
 Olgreb's Toxic Radiance  Alch           0%         N/A       99%         4
 Dispersal                Tloc           0%         N/A       100%        6


Dungeon Overview and Level Annotations

Branches:
Dungeon (9/15)             Temple (1/1) D:5
   Lair: D:8-11         Orc: D:9-12

Altars:
Ashenzari
Cheibriados
Dithmenos
Elyvilon
Fedhas
Gozag
Hepliaklqana
Makhleb
Nemelex Xobeh
Okawaru
Qazlal
Sif Muna
Vehumet
Wu Jian
Xom
Yredelemnul
Zin
The Shining One

Shops:
D:1 ?   D:7 *?:

Annotations:
D:3 3 runed translucent doors, KingCobr1's ghost, amateur OpFE
D:6 3 runed translucent doors, jimmypageman's ghost, novice GnWn


Innate Abilities, Weirdness & Mutations

You are a tree.
Your roots penetrate the ground, keeping you stationary.
You cannot be teleported.
You are immune to unholy pain and torment.
Your maximum health is greatly increased.
You cannot wear most types of armour.
((You are amphibious.))
You can wear up to eight rings at the same time.
((Your skin changes colour to match your surroundings (Stealth+).))
((Your rubbery body absorbs attacks. (AC +1, EV +1)))
((You are camouflaged when in or above water. (Stealth+)))
((You have tentacles for arms and can constrict up to eight enemies at once.))
((You are partially covered in iridescent scales. (AC +2)))
You are strong-willed. (Will+)


Message History

Harold is severely wounded.
You constrict Harold, but do no damage. You constrict the vampire mosquito.
You block the vampire mosquito's attack.
The wight completely misses you. Harold hits you with a +0 war axe.
* * * LOW HITPOINT WARNING * * *
You tentacle-slap Harold but do no damage.
Harold is severely wounded.
You constrict Harold, but do no damage. You constrict the vampire mosquito.
The vampire mosquito bites you!
* * * LOW HITPOINT WARNING * * *
The vampire mosquito draws strength from your injuries!
The vampire mosquito barely misses you.
You turn into a tree.
Your roots penetrate the ground.
You lose your grip on Harold.
You lose your grip on the vampire mosquito.
The vampire mosquito barely misses you. The wight hits you but does no damage.
The vampire mosquito bites you!
* * * LOW HITPOINT WARNING * * *
The vampire mosquito draws strength from your injuries!
A wight comes into view.
It is wielding a +2 scimitar of freezing.
You pummel Harold!! You punch Harold, but do no damage.
Harold is almost dead.
The vampire mosquito bites you but does no damage.
The wight hits you but does no damage.
Harold completely misses the wraith.
You block Harold's attack.
Unknown command.
You hit Harold.
You kill Harold!
The Council accepts your kill.
The vampire mosquito bites you but does no damage.
The wight hits you from afar with a +0 halberd.
* * * LOW HITPOINT WARNING * * *
You feel drained.
* * * LOW HITPOINT WARNING * * *
An orc comes into view. It is wielding a +0 falchion.
You block the vampire mosquito's attack.
Your life force feels restored.
This is a scroll of acquirement!
Something appears at your feet! The vampire mosquito bites you!
You die...

##########
....../..####
#.......(.#
#.........#
#.###..[......#
.......y♣.....#
........W.....#
.........zz...#
.....#....z.###
######.....D..
.. ##........
.. #.......zo
.. ...#.#....
.. ..


You could see a wraith, a steam dragon, a vampire mosquito, 4 wights and an orc.

Vanquished Creatures
  Harold (D:9)
  Maurice (D:7)
  Jeremiah (D:7)
  A hornet (D:7)
  Grinder (D:3)
  2 wyverns
  Sigmund (D:6)
  A steam dragon (D:6)
  A vampire mosquito (D:9)
  2 water moccasins
  An acid dragon (D:8)
  An orc warrior (D:8)
  3 black bears
  2 sky beasts (D:8)
  7 ogres
  3 centaurs
  A phantom (D:6)
  2 kobold brigands
  A weeping skull (D:7)
  A bullfrog (D:8)
  A gnoll sergeant (D:8)
  5 scorpions
  4 wights (D:6)
  8 killer bees
  3 bombardier beetles
  3 orc priests (D:8)
  3 hounds
  3 jellies (D:5)
  A sleepcap (D:6)
  2 orc wizards (D:8)
  3 iguanas
  Robin (D:2)
  10 gnolls
  6 adders
  A white imp (D:6)
  A dart slug (D:2)
  2 ribbon worms
  13 orcs
  9 endoplasms
  A giant cockroach (D:1)
  5 hobgoblins
  14 kobolds
  3 quokkas
  3 ball pythons
  2 bats (D:1)
  A frilled lizard (D:2)
  17 goblins
  4 rats
  A spectral orc (D:7)
164 creatures vanquished.

Vanquished Creatures (others)
  A sky beast (D:8)
1 creature vanquished.

Grand Total: 165 creatures vanquished

Notes
Turn   | Place    | Note
-------+----------+-------------------------------------------
     0 | D:1      | MollyMolluskus the Octopode Fighter began the quest for the
                  | Orb.
     0 | D:1      | Reached XP level 1. HP: 16/16 MP: 1/1
   214 | D:1      | Found Ybliopev's Magic Scroll Shop.
   398 | D:1      | Found a faded altar of an unknown god.
   427 | D:1      | Reached XP level 2. HP: 21/21 MP: 2/2
   764 | D:1      | Bought a scroll of fear for 52 gold pieces
   798 | D:2      | Reached skill level 1 in Stealth
   934 | D:2      | You fall into a shaft and drop 1 floor!
   949 | D:3      | Reached XP level 3. HP: 12/26 MP: 3/3
  1496 | D:2      | Noticed Robin
  1499 | D:2      | Reached XP level 4. HP: 31/31 MP: 4/4
  1502 | D:2      | Reached skill level 3 in Unarmed Combat
  1525 | D:2      | Killed Robin
  2019 | D:3      | Found a blossoming altar of Fedhas.
  2020 | D:3      | Found a runed translucent gate.
  2061 | D:3      | Noticed Grinder
  2072 | D:3      | Killed Grinder
  2073 | D:3      | Reached skill level 4 in Unarmed Combat
  2073 | D:3      | Reached XP level 5. HP: 23/37 MP: 5/5
  2073 | D:3      | Reached XP level 6. HP: 27/43 MP: 6/6
  2163 | D:3      | Found a runed translucent gate.
  2163 | D:3      | Found a runed translucent gate.
  2165 | D:3      | Noticed KingCobr1's ghost (amateur OpFE)
  3617 | D:5      | Entered Level 5 of the Dungeon
  3715 | D:5      | Reached XP level 7. HP: 36/48 MP: 7/7
  3780 | D:5      | Reached skill level 5 in Unarmed Combat
  3925 | D:5      | Got the Spellbook of Cinders and Striking
  4169 | D:5      | Found an iron altar of Okawaru.
  4179 | D:5      | Reached skill level 5 in Fighting
  4179 | D:5      | Reached skill level 5 in Dodging
  4179 | D:5      | Reached XP level 8. HP: 48/55 MP: 8/8
  4211 | D:5      | Reached skill level 6 in Unarmed Combat
  4715 | D:5      | Found a staircase to the Ecumenical Temple.
  4724 | Temple   | Entered the Ecumenical Temple
  4733 | Temple   | Became a worshipper of the Wu Jian Council
  5012 | D:5      | Reached skill level 7 in Unarmed Combat
  5294 | D:6      | Noticed jimmypageman's ghost (novice GnWn)
  5294 | D:6      | Found a runed translucent gate.
  5294 | D:6      | Found a runed translucent gate.
  5294 | D:6      | Found a runed translucent gate.
  5519 | D:6      | Reached XP level 9. HP: 62/62 MP: 9/9
  5531 | D:6      | Gained mutation: You are partially covered in iridescent
                  | scales. (AC +2) [potion of mutation]
  5531 | D:6      | Gained mutation: You are strong-willed. (Will+) [potion of
                  | mutation]
  5531 | D:6      | HP: 1/62 [steam dragon (8)]
  5888 | D:6      | Noticed Sigmund
  5896 | D:6      | Killed Sigmund
  5897 | D:6      | Reached skill level 8 in Unarmed Combat
  6699 | D:6      | Reached * piety under Wu Jian
  6805 | D:7      | Noticed Maurice
  6867 | D:7      | Found Apsagam's General Store.
  6867 | D:7      | Found Def Negi's Magic Scroll Boutique.
  6867 | D:7      | Found Enuir's Book Boutique.
  6872 | D:7      | Bought 2 potions of lignification for 84 gold pieces
  6872 | D:7      | Bought a scroll of identify for 28 gold pieces
  6952 | D:7      | Bought a scroll of identify for 28 gold pieces
  6957 | D:7      | Found a shimmering altar of Xom.
  7125 | D:7      | Killed Maurice
  7126 | D:7      | Reached skill level 9 in Unarmed Combat
  7351 | D:7      | Noticed Jeremiah
  7363 | D:7      | Killed Jeremiah
  7364 | D:7      | Reached XP level 10. HP: 53/71 MP: 10/10
  7556 | D:7      | Paralysed by a hornet for 1 turns
  7560 | D:7      | Reached skill level 10 in Unarmed Combat
  7593 | D:7      | Found a basalt altar of Yredelemnul.
  9135 | D:8      | Reached ** piety under Wu Jian
  9428 | D:9      | Noticed Harold
  9446 | D:9      | Reached skill level 11 in Unarmed Combat
  9455 | D:9      | Killed Harold
  9455 | D:9      | HP: 4/108 [wight/+0 halberd (5)]
  9456 | D:9      | Identified a scroll of acquirement
  9456 | D:9      | Acquired 829 gold pieces
  9456 | D:9      | Mangled by a vampire mosquito

Illustrated notes

Levels and vault maps discovered:
D:1:      onia_arrival_pyramid, layout_loops_ring, serial_shops,
          nicolae_lakefront_shop, hellmonk_ecumenical_altar_blasted
D:2:      layout_loops_ring, st_stairs_5, uniq_robin
D:3:      layout_basic, mainiacjoe_overflow_paths, gammafunk_ghost_necromancy,
          uniq_grinder
D:4:      layout_layer_cave
D:5:      nicolae_BIG_FREAKIN_CUBE, layout_loops_cross,
          mainiacjoe_overflow_24_doors, minmay_temple_entry_antechambers,
          st_stairs_7, dk_noncrumbling_2, dk_rats_in_the_wall
D:6:      layout_basic, gammafunk_ghost_nasty_kobolds, uniq_sigmund
D:7:      layout_rooms, nicolae_overflow_hidden_temple,
          yredelemnul_forgotten_temple_becter,
          nicolae_shop_distant_corner_stores, uniq_jeremiah, uniq_maurice
D:8:      layout_basic, eino_tiny_chamber, chequers_serial_rivers_small_b
D:9:      layout_basic, marbit_many_paths, david_orc_4, serial_shops, shop,
          uniq_harold
Temple:   nicolae_temple_bog_church

Skill      XL: |  1  2  3  4  5  6  7  8  9 10 |
---------------+-------------------------------+-----
Stealth        | 1 3 4 |  4.0
Unarmed Combat | 4 5 7 9 11 | 11.4
Shields        | 4 |  4.0
Fighting       | 4 5 6 7 8 |  8.6
Dodging        | 4 5 6 7 8 |  8.0

Action                     |  1- 3 |  4- 6 |  7- 9 | 10-12 || total
---------------------------+-------+-------+-------+-------++-------
  Melee: Unarmed           |    76 |    68 |   180 |   141 ||   465
         Tentacles         |    10 |    13 |    49 |    21 ||    93
         Punch             |     4 |     1 |    14 |    10 ||    29
         Constrict         |    15 |    17 |    25 |    21 ||    78
  Throw: Dart              |       |       |     6 |     1 ||     7
Ability: Lunge             |       |       |    15 |    17 ||    32
         Whirlwind         |       |       |     4 |     7 ||    11
  Evoke: Wand              |       |       |       |     3 ||     3
    Use: Scroll            |     5 |     2 |     6 |     2 ||    15
         Potion            |       |     1 |     8 |     3 ||    12
   Stab: Sleeping          |    10 |     8 |    13 |     6 ||    37
         Confused          |       |       |       |     2 ||     2
 Armour: Skin              |    29 |    24 |    75 |    63 ||   191
  Dodge: Dodged            |    28 |    22 |    90 |   142 ||   282
  Block: Buckler           |     9 |    11 |    29 |    29 ||    78
